 Dungeon Crawl Stone Soup version 0.28-a0-1159-g27aa881441 (webtiles) character file.

Game seed: 13579524047989473636

718 spaghetti the Sneak (level 7, 21/62 HPs)
             Began as a Deep Dwarf Delver on Dec 15, 2021.
             Was a Priest of Makhleb.
             Quit the game on level 4 of the Dungeon.
             The game lasted 00:09:47 (3305 turns).

spaghetti the Sneak (Deep Dwarf Delver)             Turns: 3305, Time: 00:09:48

Health: 21/62      AC:  3    Str: 17    XL:     7   Next: 42%
Magic:  6/6        EV: 12    Int: 11    God:    Makhleb [***...]
Gold:   168        SH:  0    Dex: 14    Spells: 6/6 levels left

rFire   . . .      SeeInvis .   n - +3 dagger (venom) {short}
rCold   . . .      Faith    .   (no shield)
rNeg    . . .      Spirit   .   b - +0 leather armour
rPois   .          Reflect  .   (no helmet)
rElec   .          Harm     .   (no cloak)
rCorr   .          Rampage  .   (no gloves)
Will    +....                   (no boots)
Stlth   +++.......              (no amulet)
HPRegen 0.00/turn               (no ring)
MPRegen 0.10/turn               (no ring)

@: no status effects
A: damage resistance, heal wounds, sense surroundings 1, no regeneration
a: Heal Wounds, Renounce Religion, Minor Destruction, Lesser Servant of Makhleb


You were on level 4 of the Dungeon.
You worshipped Makhleb.
Makhleb was most pleased with you.
You visited 2 branches of the dungeon, and saw 7 of its levels.

You collected 168 gold pieces.


Innate Abilities, Weirdness & Mutations

You are resistant to damage.
You can heal yourself by infusing magical energy.
You passively map a small area around you.
You do not regenerate.


   Skills:
 - Level 3.5 Fighting
 + Level 5.6 Long Blades
 - Level 2.0 Maces & Flails
 + Level 5.4 Armour
 - Level 2.1 Dodging
 - Level 6.0 Stealth


You had 6 spell levels left.
You didn't know any spells.
Your spell library contained the following spells:

 Spells                   Type           Power      Damage    Failure   Level
 Magic Dart               Conj           0%         1d3       38%         1
 Call Imp                 Summ           0%         N/A       54%         2
 Mephitic Cloud           Conj/Pois/Air  0%         N/A       77%         3

Inventory:

Hand Weapons
 a - a +0 mace {mace}
 e - a +0 long sword of protection {long}
   (You found it on level 2 of the Dungeon)
 n - a +3 dagger of venom (weapon) {short}
   (You took it off a goblin on level 1 of the Dungeon)
 p - a +0 short sword of flaming {short}
   (You took it off a kobold on level 1 of the Dungeon)
Missiles
 h - 9 sling bullets
 j - 107 stones {throwing}
 q - 23 bolts
 r - 4 javelins {throwing}
 s - 20 arrows
Armour
 b - a +0 leather armour (worn)
Magical Staves
 m - a staff of earth {!astaff}
   (You found it on level 1 of the Dungeon)
Wands
 d - a wand of charming (6)
   (You found it on level 5 of the Dungeon)
 g - a wand of digging (3)
Scrolls
 c - a scroll of fog
 k - a scroll of amnesia {unknown}
 l - a scroll of identify {@r1}
 t - 2 scrolls of silence {!r}
Potions
 f - 3 potions of brilliance
 i - a potion of invisibility

Dungeon Overview and Level Annotations

Branches:
Dungeon (6/15)             Temple (1/1) D:5

Altars:
Ashenzari
Elyvilon
Fedhas
Gozag
Hepliaklqana
Makhleb
Qazlal
Ru
Sif Muna
Uskayaw
Xom
The Shining One

Shops:
D:4 !

Annotations:
D:3 1 transporter, SensoryNuts's ghost, amateur DsFi
D:4 Robin
D:5 Blork the orc

.############.########).....
.# #.. ..........))#...... *
.# #.####.....####........ ,
.# #.#..##...##..#..###### ,
.# #.#...##.##...#..# .#
#.##...#.#...##..# * ,
.#####..##.)#.#).##...#
.........###...###....#
#####........8..@og...#
##...###...###....# #..##
+#.#).##...# #.##
#.#...##..# #.#
,##.##...#..# #.#,
##...##.(#..#
#.####.....####..#
#..........)o....# **
########.........#


You could see an orc warrior and a goblin.


Message History

Press: ? - help, Dir - move target, f - kobold, p - orc warrior
Aim: a kobold, wielding a +0 short sword and quivering stones Attack!
The kobold throws a stone.
The stone hits your orc warrior but does no damage.
Your orc warrior hits the kobold with a +0 hand axe!
The kobold dies!
Makhleb accepts your kill.
A ball python comes into view.
The ball python hisses angrily.
A hobgoblin comes into view.
An orc comes into view. It is wielding a +0 hand axe.
What are your orders? t - Shout!
Orders for allies: a - Attack new target. r - Retreat! s - Stop attacking. g - Guard the area. f - Follow me.
Anything else - Cancel.
Gang up on whom?
Press: ? - help, Dir - move target, f - ball python
Aim: a ball python Attack!
You closely miss the ball python. The ball python completely misses you.
The ball python grabs you. The ball python constricts you.
You hit the ball python.
You kill the ball python!
Makhleb accepts your kill.
Your orc warrior complains loudly.
What are your orders? t - Shout!
Orders for allies: a - Attack new target. r - Retreat! s - Stop attacking. g - Guard the area. f - Follow me.
Anything else - Cancel.
Gang up on whom?
Press: ? - help, Dir - move target, f - hobgoblin
Aim: a hobgoblin (ally target) Attack!
A goblin comes into view. It is wielding a +0 dagger.
The goblin shouts!
You hear a shout! x2
The hobgoblin closely misses you.
Your orc warrior barely misses the hobgoblin.
You hit the hobgoblin but do no damage.
The hobgoblin is poisoned.
The hobgoblin closely misses you.
Your orc warrior hits the hobgoblin with a +0 hand axe!
The hobgoblin dies!
Makhleb accepts your kill. What are your orders? t - Shout!
Orders for allies: a - Attack new target. r - Retreat! s - Stop attacking. g - Guard the area. f - Follow me.
Anything else - Cancel.
Gang up on whom?
Press: ? - help, Dir - move target, f - orc
Aim: an orc, wielding a +0 hand axe and wearing a +0 ring mail Attack!
An orc comes into view. It is wielding a +0 club.
Makhleb accepts your kill.
You feel a bit more experienced.
Something misses the goblin.
Something barely misses the goblin.
Your orc warrior hits the goblin with a +0 hand axe!
The goblin dies!
Makhleb accepts your kill.
You swap places.
An orc comes into view. It is wielding a +0 whip.
The orc hits you with a +0 club.
You see here a +0 dagger {short}.
You hit the orc.
The orc is poisoned.
The orc warrior is no longer charmed.
The orc hits you with a +0 club. The orc warrior misses you.
Unknown command.
You barely miss the orc. The orc hits you with a +0 whip.
A goblin comes into view. It is wielding a +0 dagger.
Okay, then.
Aiming: Charm
Press: ? - help, Shift-Dir - straight line, f - orc warrior
Aim: an orc warrior, wielding a +0 hand axe and wearing a +0 chain mail (moderately wounded, chance to affect: 46%)
The orc warrior resists with some effort.
You kill the orc!
Makhleb accepts your kill.
You feel better. The orc warrior closely misses you.
The orc closely misses you. 😱 HP[+1]
Aiming: Charm
Press: ? - help, Shift-Dir - straight line, f - goblin, p - orc warrior
Aim: a goblin, wielding a +0 dagger (chance to affect: 63%)
The orc is charmed.
The orc warrior closely misses you.
You swap places.
The orc warrior hits your orc with a +0 hand axe!
Your orc dies!
You closely miss the goblin. The goblin closely misses you.
Your magical essence is drained by the effort!
You feel much better.
The orc warrior hits you with a +0 hand axe!!
* * * LOW HITPOINT WARNING * * *
😨 HP[+8] MP[-1]
You regained 8 hp, and now have 21/62 hp.
Unknown command.
Are you sure you want to abandon this character and quit the game? (Confirm with "yes".)

Skill      XL: |  1  2  3  4  5  6  7 |
---------------+----------------------+-----
Fighting       | 3 |  3.5
Long Blades    | 1 2 3 4 5 |  5.6
Armour         | 3 4 5 |  5.4
Maces & Flails | |  2.0
Dodging        | |  2.1
Stealth        | |  6.0

Action                   |  1- 3 |  4- 6 |  7- 9 || total
-------------------------+-------+-------+-------++-------
Melee: Mace              |    27 |       |       ||    27
       Long sword        |    76 |       |       ||    76
       Dagger            |    23 |   150 |    82 ||   255
Invok: Minor Destruction |       |    11 |     8 ||    19
 Abil: Heal Wounds       |     2 |     2 |     2 ||     6
Evoke: Wand              |       |       |     7 ||     7
  Use: Scroll            |     4 |     2 |     1 ||     7
       Potion            |     5 |     2 |       ||     7
 Stab: Sleeping          |     7 |     5 |     2 ||    14
Armor: Leather armour    |    39 |    26 |    19 ||    84
Dodge: Dodged            |    86 |    99 |    66 ||   251

Levels and vault maps discovered:
D:1:      saegor_arrival_simple_e, layout_loops_corners,
          ebering_ecumenical_altar_petrified, minmay_vboxes
D:2:      layout_loops_ring, minmay_pentomino_v4
D:3:      layout_loops_corners, grunt_temple_overflow_open,
          gammafunk_ghost_smash, uniq_sigmund
D:4:      cheibrodos_barr_body, layout_basic, serial_shops,
          nicolae_take_the_stairs, nicolae_ossuary_entry_catacombs,
          uniq_grinder, uniq_robin, uniq_natasha
D:5:      layout_rooms, minmay_temple_entry_purple_smoke, uniq_blork_the_orc
D:6:      layout_loops_ring
Temple:   compressed_dpeg_triangle_lava_temple

Notes
Turn   | Place    | Note
-------+----------+-------------------------------------------
     0 | D:5      | spaghetti the Deep Dwarf Delver began the quest for the
                  | Orb.
     0 | D:5      | Reached XP level 1. HP: 20/20 MP: 1/1
     0 | D:5      | magus.rc [v1.9.6]
    42 | D:5      | Found a staircase to the Ecumenical Temple.
    48 | D:5      | Noticed Blork the orc
    53 | Temple   | Entered the Ecumenical Temple
    64 | Temple   | Became a worshipper of Makhleb the Destroyer
    74 | D:5      | Noticed a scorpion
   126 | D:5      | HP: 5/20 [Blork the orc (9)]
   136 | D:4      | Found Segustev's Distillery.
   173 | D:5      | Noticed an orc priest
   174 | D:5      | Noticed an orc wizard
   198 | D:4      | Reached skill level 3 in Fighting
   198 | D:4      | Reached XP level 2. HP: 21/28 MP: 2/2
   373 | D:2      | Reached skill level 1 in Long Blades
   446 | D:2      | Reached XP level 3. HP: 17/34 MP: 3/3
   576 | D:1      | You pick up a book of Minor Magic and begin reading...
   576 | D:1      | You add the spells Magic Dart, Call Imp and Mephitic Cloud
                  | to your library.
   697 | D:1      | Reached * piety under Makhleb
   726 | D:1      | Found a faded altar of an unknown god.
   866 | D:1      | Reached skill level 2 in Long Blades
  1498 | D:2      | Reached XP level 4. HP: 34/42 MP: 4/4
  1558 | D:2      | Reached skill level 1 in Armour
  1725 | D:3      | Reached ** piety under Makhleb
  1843 | D:3      | Noticed Sigmund
  1848 | D:3      | Killed Sigmund
  1849 | D:3      | Reached skill level 3 in Long Blades
  1849 | D:3      | Reached skill level 3 in Armour
  1849 | D:3      | Reached XP level 5. HP: 38/49 MP: 5/5
  1905 | D:3      | Found a sacrificial altar of Ru.
  1906 | D:3      | Found a shimmering altar of Xom.
  1907 | D:3      | Found a blossoming altar of Fedhas.
  1908 | D:3      | Found a white marble altar of Elyvilon.
  1908 | D:3      | Noticed a black bear
  1909 | D:3      | Found a broken altar of Ashenzari.
  1909 | D:3      | Found a shimmering blue altar of Sif Muna.
  1909 | D:3      | Found a hide-covered altar of Uskayaw.
  1909 | D:3      | Found a hazy altar of Hepliaklqana.
  1922 | D:3      | Reached skill level 4 in Long Blades
  1929 | D:3      | Killed a black bear
  1930 | D:3      | Reached XP level 6. HP: 27/56 MP: 6/6
  2136 | D:4      | Noticed Robin
  2227 | D:4      | Reached skill level 4 in Armour
  2267 | D:4      | HP: 13/56 [elf skeleton (4)]
  2273 | D:4      | HP: 8/56 [elf skeleton (2)]
  2278 | D:4      | HP: 11/56 [elf skeleton (3)]
  2327 | D:4      | HP: 11/56 [elf skeleton (2)]
  2332 | D:4      | HP: 9/56 [elf skeleton (1)]
  2335 | D:4      | Reached skill level 5 in Long Blades
  2592 | D:3      | Reached XP level 7. HP: 44/62 MP: 7/7
  2619 | D:3      | Found a transporter.
  2620 | D:3      | Noticed SensoryNuts's ghost (amateur DsFi)
  2621 | D:3      | Identified the +2 great mace "Cisi" {vorpal, +Blink Str+2}
  2881 | D:4      | Noticed Natasha
  2884 | D:4      | Killed Natasha
  2952 | D:4      | Reached skill level 5 in Armour
  3211 | D:4      | Reached *** piety under Makhleb
  3253 | D:4      | HP: 14/62 [orc warrior (6)]
  3305 | D:4      | Quit the game

Vanquished Creatures
  Sigmund (D:3)
  A black bear (D:3)
  A phantom (D:4)
  2 elf skeletons (D:4)
  A hound (D:4)
  A human zombie (D:4)
  A centaur skeleton (D:4)
  Natasha (D:4)
  6 adders
  An adder skeleton (D:4)
  3 worms
  3 dart slugs
  3 orcs (D:4)
  5 endoplasms
  4 giant cockroaches
  18 goblins
  7 hobgoblins
  10 jackals
  5 quokkas
  10 ball pythons
  4 bats
  2 frilled lizards
  6 kobolds
  An orc skeleton (D:4)
  An orc zombie (D:4)
  7 rats
105 creatures vanquished.

Vanquished Creatures (collateral kills)
  An orc (D:4)
  A goblin (D:4)
  A hobgoblin (D:4)
  A kobold (D:4)
4 creatures vanquished.

Vanquished Creatures (others)
  An orc (D:4)
  5 withered plants (D:1)
6 creatures vanquished.

Grand Total: 115 creatures vanquished

Table legend:
 A = Non-vault XP
 B = Vault XP
 C = Vault XP percentage of total XP
 D = Non-vault monster count
 E = Vault monster count
 F = Vault count percentage of total count
                 A         B        C        D         E       F
            +---------+---------+-------+---------+---------+-------
      Total |     364 |     662 |  64.5 |      72 |      37 |  33.9
            +---------+---------+-------+---------+---------+-------
        D:1 |      44 |      11 |  20.0 |      26 |       6 |  18.8
        D:2 |      31 |       9 |  22.5 |      13 |       5 |  27.8
        D:3 |     197 |     201 |  50.5 |      19 |       3 |  13.6
        D:4 |      92 |     441 |  82.7 |      14 |      23 |  62.2
            +---------+---------+-------+---------+---------+-------

Illustrated notes

Table legend:
 A = Kills in this place as a percentage of kills in entire the game.
 B = Kills by you in this place as a percentage of kills by you in the entire game.
 C = Kills by friends in this place as a percentage of kills by friends in the entire game.
 D = Other kills in this place as a percentage of other kills in the entire game.
 E = Experience gained in this place as a percentage of experience gained in the entire game.
 F = Experience gained in this place divided by the number of levels of this place that you have seen.
                   A       B       C       D       E      F
               +-------+-------+-------+-------+-------+----------------------
         Total | 100.0 | 100.0 | 100.0 |   N/A | 100.0 | 146.6
       Dungeon | 100.0 | 100.0 | 100.0 |   N/A | 100.0 | 171.0
               +-------+-------+-------+-------+-------+----------------------

Table legend: (Time is in decaauts)
 A = Elapsed time spent in this place.
 B = Non-inter-level travel time spent in this place.
 C = Inter-level travel time spent in this place.
 D = Time resting spent in this place.
 E = Time spent auto-exploring this place.
 F = Levels seen in this place.
 G = Mean time per level.
                   A        B        C        D        E       F      G
               +--------+--------+--------+--------+--------+-----+--------+
         Total |   3296 |   3101 |    195 |    305 |   1909 |   7 |  470.9 |
       Dungeon |   3277 |   3089 |    188 |    305 |   1909 |   6 |  546.2 |
        Temple |     18 |     11 |      7 |      0 |      0 |   1 |   18.0 |
               +--------+--------+--------+--------+--------+-----+--------+

Top non-repeatable levels by time:
     D:1: 1046 daAuts
     D:3: 993 daAuts
     D:4: 772 daAuts
     D:2: 329 daAuts
     D:5: 134 daAuts
  Temple: 18 daAuts
     D:6: 1 daAuts
